 Dungeon Crawl Stone Soup version 0.25-a0-510-ge065f6de7d (webtiles) character file.

Game seed: 9498397561873275555, levelgen mode: deterministic

12829 drasked the Covert (level 11, -12/54 HPs)
             Began as a Spriggan Wizard on Feb 15, 2020.
             Was an Elder of Vehumet.
             Hit by a silver javelin thrown by a minotaur (25 damage)
             ... in a Gauntlet.
             The game lasted 01:54:14 (23246 turns).

drasked the Covert (Spriggan Wizard)               Turns: 23246, Time: 01:54:15

Health: -12/54     AC:  4    Str:  4    XL:     11   Next: 67%
Magic:  27/31      EV: 18    Int: 22    God:    Vehumet [****..]
Gold:   652        SH:  0    Dex: 15    Spells: 7/24 levels left

rFire    . . .     SeeInvis +   o - +1 dagger (venom)
rCold    + . .     Gourm    .   (shield restricted)
rNeg     . . .     Faith    .   A - +1 robe {MR+} {MR+}
rPois    .         Spirit   .   b - +0 hat
rElec    .         Reflect  .   s - +0 cloak
rCorr    .         Harm     .   (gloves unavailable)
MR       ++...     NoTele   +   (boots unavailable)
Stlth    +++++.....             (no amulet)
HPRegen  0.18/turn              H - ring of magical power {MP+9MP+9}
MPRegen  0.22/turn              I - ring of protection from cold {rC+, !d}

@: very quick
A: very small, unfitting armour, see invisible, herbivore, speed 3, slow
metabolism 2
a: Renounce Religion


You were in a Gauntlet.
You worshipped Vehumet.
Vehumet was greatly pleased with you.
You were not hungry.

You visited 2 branches of the dungeon, and saw 14 of its levels.
You also visited: Gauntlet.

You collected 652 gold pieces.

Inventory:

Hand Weapons
 o - a +1 dagger of venom (weapon)
   (You took it off an orc on level 3 of the Dungeon)
Missiles
 f - 32 poisoned darts (quivered)
 x - 3 atropa-tipped darts
 B - 4 curare-tipped darts
Armour
 b - a +0 hat (worn)
 s - a +0 cloak (worn)
   (You found it on level 6 of the Dungeon)
 v - a +0 buckler
   (You found it on level 9 of the Dungeon)
 A - a +1 robe of magic resistance (worn) {MR+}
   (You took it off Erica on level 10 of the Dungeon)
Jewellery
 m - an uncursed ring of protection from magic {MR+, !d}
   (You found it on level 4 of the Dungeon)
 p - an uncursed ring of fire {rF+, rC-rF+, rC-}
   (You found it on level 4 of the Dungeon)
 H - a ring of magical power (left hand) {MP+9MP+9}
   (You took it off a centaur on level 12 of the Dungeon)
 I - a ring of protection from cold (right hand) {rC+, !d}
   (You found it on level 9 of the Dungeon)
Wands
 j - a wand of disintegration (9)
   (You found it on level 6 of the Dungeon)
 r - a wand of polymorph (12)
   (You found it on level 4 of the Dungeon)
 u - a wand of flame (29)
   (You took it off Maurice on level 9 of the Dungeon)
 G - a wand of iceblast (8)
   (You took it off a centaur on level 12 of the Dungeon)
Scrolls
 a - a scroll of fear {unknown}
 c - 2 scrolls of amnesia
 i - 2 scrolls of identify
 k - 3 scrolls of enchant weapon
 t - 3 scrolls of teleportation
 w - 4 scrolls of remove curse
 E - 2 scrolls of immolation {!r!r}
Potions
 d - a potion of might
 g - 3 potions of lignification {!q!q}
 h - a potion of haste
 n - 3 potions of resistance
 z - 2 potions of brilliance
 D - 3 potions of magic
 F - a potion of berserk rage {unknown}
Miscellaneous
 l - a lightning rod (4/4)
   (You found it in a Gauntlet)
 y - a lamp of fire
   (You found it on level 9 of the Dungeon)
Comestibles
 e - 18 rations


   Skills:
 + Level 4.8 Fighting
 - Level 10.0 Short Blades
 - Level 3.3 Dodging
 - Level 12.0 Stealth
 * Level 4.4 Shields
 - Level 7.1 Spellcasting
 + Level 6.6 Conjurations
   Level 0.7 Summonings
 - Level 1.5 Translocations
 + Level 5.5 Air Magic
 - Level 2.0 Poison Magic


You had 7 spell levels left.
You knew the following spells:

 Your Spells              Type           Power        Failure   Level  Hunger
a - Magic Dart            Conj           ####         1%          1    None
b - Blink                 Tloc           N/A          7%          2    None
c - Lightning Bolt        Conj/Air       ####......   5%          5    #####..
d - Airstrike             Air            ####......   2%          4    ###....
s - Swiftness             Chrm/Air       ###.....     4%          2    None
x - Mephitic Cloud        Conj/Pois/Air  ####....     1%          3    None

Your spell library contained the following spells:

 Spells                   Type           Power        Failure   Level  Hunger
 Hailstorm                Conj/Ice       ###.....     5%          4    ###....
 Shock                    Conj/Air       ####         1%          1    None
 Conjure Flame            Conj/Fire      ###.....     1%          3    None
 Static Discharge         Conj/Air       ####....     1%          3    None
 Call Imp                 Summ           ##......     9%          2    None
 Slow                     Hex            #.......     12%         2    None


Dungeon Overview and Level Annotations

Branches:
Dungeon (13/15)            Temple (1/1) D:7            Lair (0/6) D:8
    Orc (0/2) D:12        Gauntlet (1/1)
 Vaults: D:13-14

Altars:
Ashenzari
Cheibriados
Dithmenos
Elyvilon
Fedhas
Gozag
Hepliaklqana
Kikubaaqudgha
Makhleb
Nemelex Xobeh
Okawaru
Qazlal
Ru
Sif Muna
Trog
Uskayaw
Vehumet
Wu Jian
Xom
Yredelemnul
Zin
The Shining One

Shops:
D:4 =   D:5 =   D:6 *   D:12 [(?(   D:13 !

Portals:
Abyss: D:12

Annotations:
D:2 Sigmund
D:12 2 transporters, FrozenTrovador's ghost, journeyman HOBe Gauntlet 6 transporters, exclusion: death drake


Innate Abilities, Weirdness & Mutations

You are very small and have problems with some larger weapons.
You are too small for most types of armour.
You have supernaturally acute eyesight. (SInv)
You are a herbivore.
You cover ground extremely quickly.
You need to consume almost no food.


Message History

* * * LOW MAGIC WARNING * * *
The flying skull hits you!
* * * LOW HITPOINT WARNING * * *
You hit the flying skull but do no damage.
You hit the flying skull but do no damage.
The flying skull misses you.
You hit the flying skull but do no damage.
The flying skull closely misses you.
You closely miss the flying skull. The flying skull barely misses you.
You hit the flying skull but do no damage.
You miss the flying skull. The flying skull hits you!
* * * LOW HITPOINT WARNING * * *
You closely miss the flying skull. The flying skull misses you.
You closely miss the flying skull. You closely miss the flying skull.
The flying skull closely misses you.
You don't have enough magic to cast that spell.
You hit the flying skull.
You destroy the flying skull!
You feel your power returning.
You see here a flail.
There is a transporter here.
l - a lightning rod (4/4)
You start resting.
You start resting.
You eat one of the 19 rations.
That ration really hit the spot!
Okay, then.
Unknown command.
There is a transporter here.
You see here a flail.
There is a transporter here.
You enter the transporter and appear at another place.
There is a transporter here.
You enter the transporter and appear at another place.
Aim: a tyrant leech The ball explodes into a vile cloud!
The stinking cloud engulfs the tyrant leech but does no damage.
The swamp worm fires a harpoon shot at you.
The harpoon shot hits you!
You are yanked forward by the harpoon shot.
The ball explodes into a vile cloud!
The stinking cloud engulfs the swamp worm but does no damage.
The swamp worm bites you!!
* * * LOW HITPOINT WARNING * * *
The swamp worm fires a harpoon shot at you.
The harpoon shot hits you!
* * * LOW HITPOINT WARNING * * *
You are yanked forward by the harpoon shot.
You feel better. The swamp worm barely misses you. The tyrant leech misses you.
You feel yourself speed up. The swamp worm misses you.
The tyrant leech barely misses you. The swamp worm completely misses you.
The ball explodes into a vile cloud!
The stinking cloud engulfs the tyrant leech but does no damage.
The tyrant leech is engulfed in noxious fumes.
There is a transporter here.
You enter the transporter and appear at another place.
You start resting.
Your extra speed is starting to run out.
You start resting.
You feel yourself slow down.
You start resting.
You open the door.
A minotaur comes into view.
It is wielding a +0 bardiche and quivering 19 silver javelins.
A minotaur is nearby!
Aim: a minotaur, wielding a +0 bardiche, wearing a cursed +0 chain mail, wearing an uncursed ring of resist corrosion and quivering 19 silver javelins (hasn't noticed you)
The ball explodes into a vile cloud!
The stinking cloud engulfs the minotaur but does no damage.
The minotaur bellows!
The minotaur is engulfed in noxious fumes.
The minotaur appears confused.
Throwing (i - inventory. (/) - cycle)
f - 36 poisoned darts (quivered)
Aim: a minotaur, wielding a +0 bardiche, wearing a cursed +0 chain mail, wearing an uncursed ring of resist corrosion and quivering 19 silver javelins (lightly wounded, confused)
You throw a poisoned dart. The poisoned dart hits the minotaur.
The minotaur is poisoned.
Throwing (i - inventory. (/) - cycle)
f - 35 poisoned darts (quivered)
Aim: a minotaur, wielding a +0 bardiche, wearing a cursed +0 chain mail, wearing an uncursed ring of resist corrosion and quivering 19 silver javelins (noxious fumes, lightly wounded, poisoned, confused)
You throw a poisoned dart. The poisoned dart hits the minotaur.
The minotaur looks even sicker.
The minotaur is engulfed in noxious fumes.
Throwing (i - inventory. (/) - cycle)
f - 34 poisoned darts (quivered)
Aim: a minotaur, wielding a +0 bardiche, wearing a cursed +0 chain mail, wearing an uncursed ring of resist corrosion and quivering 19 silver javelins (lightly wounded, very poisoned, confused)
You throw a poisoned dart.
The poisoned dart barely misses the minotaur.
Throwing (i - inventory. (/) - cycle)
f - 33 poisoned darts (quivered)
Aim: a minotaur, wielding a +0 bardiche, wearing a cursed +0 chain mail, wearing an uncursed ring of resist corrosion and quivering 19 silver javelins (lightly wounded, very poisoned, confused)
You throw a poisoned dart. The poisoned dart hits the minotaur.
The minotaur looks even sicker.
The minotaur seems less confused.
The minotaur throws a silver javelin.
The silver javelin pierces through you!!!
Ouch! That really hurt!
* * * LOW HITPOINT WARNING * * *
x2
Aim: a minotaur, wielding a +0 bardiche, wearing a cursed +0 chain mail, wearing an uncursed ring of resist corrosion and quivering 18 silver javelins (lightly wounded, very poisoned)
The ball explodes into a vile cloud!
The stinking cloud engulfs the minotaur but does no damage.
The minotaur is engulfed in noxious fumes.
You close the door.
A minotaur opens the door.
You close the door.
A minotaur opens the door.
The minotaur throws a silver javelin.
The silver javelin pierces through you!!
You die...

#8.8# # #[.[#### ###8
#8(8#.8### ... #(°.#....# #
#.. 8H8#..#.# #.#..##'##..#.#
#......(......#
#.#.##.#.##.#.#
#.#..@.#....#.#
#.#.#######.#.##
..............#
#...............#
#####......######
#########.©..©.###########
###≈#§#≈#≈########≈#§#≈#§#§##
#≈..§...............§§.§...§#
##...§.......∩........§.§§..≈


You could see a minotaur.

Levels and vault maps discovered:
D:1:      dpeg_arrival_water_temple_mockup, layout_loops_ring, minmay_hedge_maze
D:2:      layout_loops_ring, dancing_weapons_uskayaw,
          gammafunk_temple_overflow_statue, serial_park_tiny_2, uniq_robin,
          uniq_natasha, uniq_sigmund
D:3:      layout_basic, xom_teletrap_fun, uniq_ijyb, uniq_terence
D:4:      layout_cave_pods, marbit_many_paths, led_sif_book, serial_shops,
          nicolae_shop_statue_plus, first_ration
D:5:      layout_loops_ring, lemuel_doored_altar, serial_shops, shop
D:6:      layout_rooms, ebering_ghost_reflecting_pool, grunt_ministairs_8,
          minivault_25, minmay_shop_damaged, tgw_kikubaaqudgha
D:7:      layout_basic, makhleb_grotto_becter, temple_statues, uniq_duvessa,
          uniq_menkaure
D:8:      layout_cave_pools, okawaru_ov_weapons_minmay, david_lair_shrubbed,
          the_bakery, fedhas_bush_and_centaur_altar
D:9:      layout_roguey [special_room_bee], kennysheep_little_box, uniq_maurice
D:10:     layout_layer_cave, uniq_erica, uniq_sonja
D:11:     layout_basic
D:12:     layout_big_octagon, erik_orc_1, gammafunk_ghost_abyssal_escape,
          serial_shops, nicolae_shop_temple_entry_statues_fountains,
          kennysheep_mini, shop_statue,
          nicolae_shop_competitors_out_of_business, kennysheep_minor_cross
D:13:     kennysheep_treasure_stockpile, layout_long_grid,
          skrybe_vaults_entry_preservation, serial_shops, shop,
          nicolae_shop_statue_plus, shop,
          nicolae_shop_competitors_out_of_business, nicolae_shop_stone,
          gauntlet_entry_generic
Temple:   minmay_temple_forest_path
Gauntlet: minmay_gauntlet_mixed_big_or_small [gammafunk_gauntlet_arena_teeth,
          minmay_gauntlet_arena_77_terracotta_army,
          nicolae_gauntlet_arena_grate_2, minmay_gauntlet_arena_77_fan,
          nicolae_gauntlet_swirl, minmay_gauntlet_arena_77_mess,
          nicolae_gauntlet_exit_dead_adventurers]

Notes
Turn   | Place    | Note
-------+----------+-------------------------------------------
     0 | D:1      | drasked the Spriggan Wizard began the quest for the Orb.
     0 | D:1      | Reached XP level 1. HP: 9/9 MP: 6/6
   308 | D:1      | Reached XP level 2. HP: 13/13 MP: 0/8
   404 | D:1      | Identified a +0 dagger
   404 | D:1      | Identified a +0 dagger
   410 | D:1      | Reached skill level 1 in Conjurations
   734 | D:1      | Reached skill level 1 in Short Blades
   803 | D:1      | Reached skill level 4 in Stealth
   966 | D:1      | Reached XP level 3. HP: 16/16 MP: 6/9
  1397 | D:2      | Reached skill level 2 in Short Blades
  1545 | D:2      | Identified a cursed -1 club
  1687 | D:2      | Identified a +0 scythe
  1687 | D:2      | Identified a +0 robe
  1687 | D:2      | Noticed Sigmund
  1737 | D:2      | Reached XP level 4. HP: 21/21 MP: 1/11
  1854 | D:2      | Identified a +0 mace
  1854 | D:2      | Identified a +0 animal skin
  1854 | D:2      | Identified a +2 helmet
  1854 | D:2      | Noticed Robin
  1854 | D:2      | Identified a cursed -1 club
  1854 | D:2      | Identified a +0 dagger
  1854 | D:2      | Identified a +0 dagger
  1854 | D:2      | Identified a +0 dagger
  1856 | D:2      | Identified a +0 club
  1858 | D:2      | Identified a +0 dagger
  1870 | D:3      | Identified a +0 vorpal hand axe
  1873 | D:3      | Reached skill level 5 in Stealth
  1878 | D:3      | Identified a cursed +0 morningstar
  1879 | D:3      | Identified a cursed -2 mace
  1908 | D:3      | Identified a +0 dagger
  1909 | D:3      | Identified a +0 dagger of venom
  1909 | D:3      | Identified a +0 leather armour
  2161 | D:3      | Identified a +0 leather armour
  2174 | D:3      | Identified a +0 dagger
  2174 | D:3      | Identified a +0 robe
  2250 | D:2      | Found a hide-covered altar of Uskayaw.
  2367 | D:2      | Identified a +0 club
  2406 | D:2      | Identified a +0 club
  2450 | D:2      | Found a shadowy altar of Dithmenos.
  2451 | D:2      | Found a glowing golden altar of the Shining One.
  2470 | D:2      | Identified a cursed -3 hand axe
  2470 | D:2      | Noticed a -3 hand axe
  2471 | D:2      | Identified a +0 hand axe
  2471 | D:2      | Noticed a +0 hand axe
  2664 | D:2      | Learned a level 3 spell: Mephitic Cloud
  2667 | D:2      | Learned a level 2 spell: Blink
  2730 | D:2      | Noticed Natasha
  2742 | D:2      | Killed Natasha
  3045 | D:2      | Identified a +0 hunting sling
  3066 | D:2      | Identified a +0 club
  3199 | D:2      | Identified a +0 club
  3333 | D:2      | Identified a +0 club
  3360 | D:2      | Identified a +0 club
  3408 | D:2      | Identified a +0 club
  3420 | D:2      | Killed Robin
  3420 | D:2      | Reached XP level 5. HP: 11/24 MP: 4/12
  3663 | D:3      | Identified a +0 flail
  3663 | D:3      | Identified a +0 leather armour
  3678 | D:2      | Reached skill level 3 in Short Blades
  3883 | D:3      | Reached skill level 6 in Stealth
  4021 | D:3      | Identified a +0 leather armour
  4021 | D:3      | Noticed Ijyb
  4078 | D:3      | Found a shimmering altar of Xom.
  4108 | D:3      | Identified a +0 club
  4108 | D:3      | Identified a cursed +0 leather armour
  4211 | D:3      | Identified a +0 club
  4502 | D:3      | Killed Ijyb
  4502 | D:3      | Reached skill level 2 in Conjurations
  4700 | D:3      | Identified a cursed -3 mace
  4700 | D:3      | Identified a +4 scale mail of magic resistance
  4700 | D:3      | Noticed Terence
  4749 | D:3      | Killed Terence
  4749 | D:3      | Reached XP level 6. HP: 28/28 MP: 4/13
  5219 | D:4      | Identified a +0 hand axe
  5219 | D:4      | Identified a cursed +0 dagger
  5219 | D:4      | Identified a +0 robe
  5226 | D:4      | Identified a +1 vampiric dagger
  5226 | D:4      | Identified a +0 leather armour
  5357 | D:4      | Found a shimmering blue altar of Sif Muna.
  5382 | D:4      | Found Ydiesarph's Jewellery Shop.
  5418 | D:4      | Reached skill level 4 in Short Blades
  5542 | D:4      | Identified a +0 dagger
  5542 | D:4      | Identified a +0 robe
  5542 | D:4      | Identified a +0 dagger
  5542 | D:4      | Identified a +0 robe
  5544 | D:4      | Reached skill level 7 in Stealth
  5907 | D:4      | Identified a cursed -2 giant club
  5923 | D:4      | Reached XP level 7. HP: 32/32 MP: 1/14
  6455 | D:4      | Found an opulent altar of Gozag.
  6584 | D:5      | Entered Level 5 of the Dungeon
  6589 | D:4      | Identified 5 scrolls of identify
  6589 | D:4      | Identified a potion of resistance
  6590 | D:4      | Identified a ring of fire (You found it on level 4 of the
                  | Dungeon)
  6591 | D:4      | Identified a ring of attention (You found it on level 4 of
                  | the Dungeon)
  6593 | D:4      | Identified a ring of protection from magic (You found it on
                  | level 4 of the Dungeon)
  6594 | D:4      | Identified 2 scrolls of amnesia
  6595 | D:4      | Identified a scroll of teleportation
  6596 | D:4      | Identified a scroll of remove curse
  6599 | D:4      | Identified a scroll of blinking
  6600 | D:4      | Identified a potion of mutation
  6603 | D:4      | Identified a potion of might
  6604 | D:4      | Identified a potion of brilliance
  6717 | D:5      | Identified a +0 hand axe
  6719 | D:5      | Identified a +0 trident
  6719 | D:5      | Identified a +0 club
  6719 | D:5      | Identified a +0 leather armour
  6724 | D:5      | Identified a +0 club
  6724 | D:5      | Identified a +0 dagger
  6724 | D:5      | Identified a +0 leather armour
  6919 | D:5      | Identified a +0 leather armour
  7063 | D:5      | Reached skill level 8 in Stealth
  7063 | D:5      | Reached skill level 3 in Conjurations
  7198 | D:5      | Found a sparkling altar of Nemelex Xobeh.
  7308 | D:5      | Reached skill level 5 in Short Blades
  7749 | D:5      | Reached skill level 1 in Poison Magic
  7890 | D:5      | Found Obizxoh's Jewellery Emporium.
  7916 | D:5      | Reached skill level 1 in Air Magic
  8272 | D:5      | Identified a scroll of noise
  8273 | D:5      | Identified 2 potions of lignification
  8419 | D:6      | Identified a +0 mace
  8421 | D:6      | Identified a +0 hand axe
  8421 | D:6      | Identified a +4 ring mail
  8421 | D:6      | Identified a +0 flail
  8422 | D:6      | Identified a +0 dagger
  8422 | D:6      | Identified a +0 robe
  8582 | D:6      | Identified a +0 cloak (You found it on level 6 of the
                  | Dungeon)
  8755 | D:6      | Found a runed translucent door.
  8755 | D:6      | Noticed EnegeticOcto's ghost (novice DDFi)
  8825 | D:6      | Identified a +0 trident
  8825 | D:6      | Identified a +0 leather armour
  8837 | D:6      | Identified a +0 hunting sling
  9026 | D:6      | Reached skill level 2 in Poison Magic
  9026 | D:6      | Reached XP level 8. HP: 32/36 MP: 3/15
  9191 | D:6      | Found an ancient bone altar of Kikubaaqudgha.
  9192 | D:6      | Identified a scroll of holy word
  9307 | D:6      | Found Eciucy's Lightly-Used Armoury.
  9558 | D:6      | Killed EnegeticOcto's ghost
  9558 | D:6      | Reached skill level 6 in Short Blades
  9558 | D:6      | Reached skill level 9 in Stealth
  9558 | D:6      | Reached skill level 3 in Air Magic
  9694 | D:6      | Identified 2 potions of degeneration
  9707 | D:6      | Identified a potion of haste
  9729 | D:7      | Reached skill level 10 in Stealth
  9874 | D:7      | Reached skill level 5 in Spellcasting
  9929 | D:7      | Found a staircase to the Ecumenical Temple.
  9946 | D:7      | Identified a +3 dagger
  9946 | D:7      | Identified a +0 robe
  9946 | D:7      | Identified a cursed +4 dire flail
  9946 | D:7      | Identified a +0 robe
 10011 | D:7      | Identified a +0 halberd
 10011 | D:7      | Identified a +0 robe
 10264 | D:7      | Reached skill level 11 in Stealth
 10504 | D:7      | Inkhbe: !subscribemeem
 10504 | D:7      | meem: Subscribed. I will never ban you, give you up, let
                  | you down, run around, or desert you. I will now watch all
                  | games of user Inkhbe
 10504 | D:7      | Reached XP level 9. HP: 39/39 MP: 13/18
 10539 | D:7      | Identified a +0 halberd
 10540 | D:7      | Identified a +0 whip
 10541 | D:7      | Identified a +0 club
 10544 | D:7      | Identified a +0 club
 10551 | D:7      | Reached skill level 6 in Spellcasting
 10659 | D:7      | Found a burning altar of Makhleb.
 10660 | D:7      | Noticed Menkaure
 10709 | D:7      | Killed Menkaure
 10835 | D:7      | Identified a +0 club
 10835 | D:7      | Identified a +0 chain mail
 10837 | D:7      | Identified a +0 club
 10840 | D:7      | Identified a +0 spear
 11184 | D:7      | Identified a +0 short sword
 11184 | D:7      | Identified a +0 leather armour
 11184 | D:7      | Noticed Duvessa
 11185 | D:7      | Identified a +0 dagger
 11185 | D:7      | Identified a +0 robe
 11185 | D:7      | Noticed Dowan
 11186 | D:7      | Killed Duvessa
 11195 | D:7      | Killed Dowan
 11395 | Temple   | Entered the Ecumenical Temple
 11779 | Temple   | Became a worshipper of Vehumet
 11871 | D:7      | Identified 2 scrolls of enchant weapon
 11909 | D:8      | Found a blossoming altar of Fedhas.
 11909 | D:8      | Identified a +0 shortbow
 11909 | D:8      | Identified a +0 giant club
 12000 | D:8      | Reached skill level 12 in Stealth
 12000 | D:8      | Reached skill level 7 in Spellcasting
 12452 | D:8      | Found an iron altar of Okawaru.
 12522 | D:8      | Identified a +0 shortbow
 12573 | D:8      | Identified a +0 shortbow
 12586 | D:8      | Reached skill level 7 in Short Blades
 12755 | D:8      | Identified a +0 short sword
 12764 | D:8      | Identified a +0 dagger
 12764 | D:8      | Identified a +0 robe
 12766 | D:8      | Reached skill level 4 in Conjurations
 13004 | D:8      | Found a staircase to the Lair.
 13005 | D:8      | Noticed a komodo dragon
 13118 | D:8      | Reached skill level 8 in Short Blades
 13673 | D:8      | Killed a komodo dragon
 13718 | D:9      | Identified a cursed +0 dagger
 13718 | D:9      | Identified a cursed +0 cloak
 13718 | D:9      | Noticed Maurice
 13722 | D:9      | Killed Maurice
 13722 | D:9      | Reached XP level 10. HP: 44/44 MP: 21/21
 13734 | D:9      | Identified a cursed +0 buckler (You found it on level 9 of
                  | the Dungeon)
 13735 | D:9      | Identified a +0 shortbow
 13746 | D:9      | Reached skill level 1 in Fighting
 13746 | D:9      | Reached skill level 5 in Conjurations
 13860 | D:9      | Identified a +0 whip
 13861 | D:9      | Identified a +2 war axe of draining
 13861 | D:9      | Identified a cursed +0 chain mail
 13887 | D:9      | Identified a +0 whip
 14315 | D:9      | Found a bloodstained altar of Trog.
 14405 | D:9      | Identified a +0 dagger
 14405 | D:9      | Identified a +0 robe
 14405 | D:9      | Identified a cursed -1 falchion
 14405 | D:9      | Identified a +3 falchion
 14405 | D:9      | Identified a +0 mace
 14655 | D:9      | Identified a +0 mace
 14657 | D:9      | Identified a +0 hand axe
 14657 | D:9      | Identified a +0 chain mail
 14657 | D:9      | Identified a +2 dagger of pain
 14657 | D:9      | Identified a +0 robe
 14674 | D:9      | Reached skill level 1 in Shields
 14777 | D:9      | Reached * piety under Vehumet
 14777 | D:9      | Offered knowledge of Sandblast by Vehumet.
 14789 | D:9      | Reached skill level 9 in Short Blades
 14791 | D:9      | Reached skill level 2 in Fighting
 15035 | D:9      | Reached skill level 2 in Shields
 15267 | D:9      | Learned a level 2 spell: Swiftness
 15273 | D:9      | Learned a level 5 spell: Lightning Bolt
 15274 | D:10     | Entered Level 10 of the Dungeon
 15354 | D:10     | Identified a +0 club
 15354 | D:10     | Identified a cursed +0 chain mail
 15354 | D:10     | Identified a +0 short sword
 15355 | D:10     | Identified a +0 dagger
 15355 | D:10     | Identified a +0 robe
 15355 | D:10     | Identified a +0 dagger
 15355 | D:10     | Identified a +0 robe
 15359 | D:10     | Identified a +0 flail
 15359 | D:10     | Identified a +0 chain mail
 15359 | D:10     | Identified a +0 hand axe
 15359 | D:10     | Identified a +0 ring mail
 15364 | D:10     | Identified a +0 flail
 15371 | D:10     | Identified a +0 dagger
 15371 | D:10     | Identified a +0 robe
 15433 | D:10     | Identified a +0 giant club
 15531 | D:9      | Identified a ring of protection from cold (You found it on
                  | level 9 of the Dungeon)
 15532 | D:9      | Identified a potion of heal wounds
 15534 | D:10     | Identified a +1 dagger of draining
 15534 | D:10     | Noticed Sonja
 15621 | D:10     | Identified a +0 mace of protection
 15621 | D:10     | Identified a +0 chain mail
 15623 | D:10     | Reached ** piety under Vehumet
 15631 | D:10     | Offered knowledge of Searing Ray by Vehumet.
 15631 | D:10     | Identified a +0 flail
 15631 | D:10     | Identified a +0 ring mail
 16038 | D:10     | Identified a +0 leather armour
 16040 | D:10     | Identified a +0 short sword
 16046 | D:10     | Identified a +1 whip of freezing
 16053 | D:10     | Identified a +0 dagger
 16088 | D:10     | Identified a +2 scimitar of flaming
 16088 | D:10     | Identified a +1 robe of magic resistance
 16088 | D:10     | Noticed Erica
 16107 | D:10     | Identified a +0 short sword
 16117 | D:10     | Killed Erica
 16117 | D:10     | Reached skill level 3 in Fighting
 16245 | D:10     | Identified a cursed +0 dagger
 16245 | D:10     | Identified a +0 ring mail
 16385 | D:10     | Identified a ring of strength (You found it on level 10 of
                  | the Dungeon)
 16595 | D:10     | Reached skill level 4 in Air Magic
 16986 | D:10     | Identified a +0 dagger
 17483 | D:10     | Killed Sonja
 17483 | D:10     | Offered knowledge of Inner Flame by Vehumet.
 17483 | D:10     | Reached XP level 11. HP: 52/52 MP: 22/22
 17851 | D:11     | Reached skill level 3 in Shields
 18024 | D:11     | Identified a +0 long sword
 18024 | D:11     | Identified a +0 plate armour
 18024 | D:11     | Identified a +0 flail
 18024 | D:11     | Identified a +0 trident
 18024 | D:11     | Identified a +0 leather armour
 18044 | D:11     | Identified a +0 dagger
 18044 | D:11     | Identified a +0 robe
 18060 | D:11     | Reached skill level 6 in Conjurations
 18213 | D:11     | Got a smoking quarterstaff
 18227 | D:11     | Identified the +2 quarterstaff of Noon {protect, +Inv rC+}
                  | (You found it on level 11 of the Dungeon)
 18302 | D:11     | Identified a +0 dagger
 18302 | D:11     | Identified a +0 robe
 18302 | D:11     | Identified a +0 club
 18302 | D:11     | Identified a +0 leather armour
 18805 | D:12     | Found a transporter.
 18806 | D:12     | Noticed a glowing orange brain
 18816 | D:12     | Identified a +0 shortbow
 18822 | D:12     | Noticed a brown ugly thing
 18828 | D:12     | Found a transporter.
 18834 | D:12     | Noticed a thrashing horror
 18835 | D:12     | Identified a +0 shortbow
 18835 | D:12     | Identified a +0 shortbow
 18837 | D:12     | HP: 7/53 [centaur/arrow (11)]
 18842 | D:12     | Identified a +0 flail
 18842 | D:12     | Identified a +0 ring mail
 18851 | D:12     | Identified a +0 shortbow
 18851 | D:12     | Identified an uncursed ring of magical power
 18855 | D:12     | HP: 5/53 [centaur/arrow (4)]
 18894 | D:12     | Found Rylomm's Antique Weapon Shop.
 18895 | D:12     | Noticed an ice dragon
 18923 | D:12     | Identified a +0 club
 19210 | D:12     | Reached skill level 10 in Short Blades
 19323 | D:12     | Noticed an unseen horror
 19348 | D:12     | Killed an unseen horror
 19365 | D:12     | Reached *** piety under Vehumet
 19458 | D:12     | Found a one-way gate to the infinite horrors of the Abyss.
 19458 | D:12     | Noticed FrozenTrovador's ghost (journeyman HOBe)
 19501 | D:12     | Identified a +0 giant spiked club
 19511 | D:12     | Noticed a brown ugly thing
 19539 | D:12     | Found Ysick's Magic Scroll Boutique.
 19542 | D:12     | Found Widunoru's Armour Boutique.
 19545 | D:12     | Identified a +0 club
 19565 | D:12     | Identified a +0 dagger
 19565 | D:12     | Identified a +0 robe
 19577 | D:12     | Identified a +0 trident
 19577 | D:12     | Identified a +0 chain mail
 19591 | D:12     | Identified a +0 glaive
 19591 | D:12     | Identified a +0 chain mail
 19607 | D:12     | Reached skill level 4 in Fighting
 19636 | D:12     | Identified a +0 dagger
 19636 | D:12     | Identified a cursed +0 scale mail
 19668 | D:12     | Identified a +0 falchion
 19707 | D:12     | Found Eje Otamosoa's Antique Weapon Shop.
 19707 | D:12     | Identified a +0 short sword
 19722 | D:12     | Identified a +0 club
 19741 | D:12     | Identified a +0 club
 19741 | D:12     | Identified a +0 leather armour
 19757 | D:12     | Identified a +0 club
 19942 | D:12     | Identified a +0 short sword
 19942 | D:12     | Identified a +0 scale mail
 19944 | D:12     | Identified a +0 flail
 19944 | D:12     | Identified a +0 leather armour
 19949 | D:12     | Identified a +0 dagger
 19949 | D:12     | Identified a +0 robe
 19952 | D:12     | Offered knowledge of Hailstorm by Vehumet.
 20091 | D:12     | Identified a +0 short sword
 20171 | D:11     | Reached skill level 5 in Air Magic
 20338 | D:12     | Killed a brown ugly thing
 20529 | D:12     | Identified a +0 dagger
 20529 | D:12     | Identified a +0 leather armour
 20533 | D:12     | Identified a +0 ring mail
 20535 | D:12     | Found a staircase to the Orcish Mines.
 20646 | D:12     | Identified a +0 flail
 20646 | D:12     | Identified a +0 leather armour
 20655 | D:12     | Identified a +2 dagger of protection
 20668 | D:12     | Identified a +0 hand axe
 20668 | D:12     | Identified a +0 club
 20872 | D:11     | Identified 3 scrolls of immolation
 20873 | D:11     | Identified a scroll of vulnerability
 20874 | D:11     | Identified a scroll of magic mapping
 20916 | D:11     | Identified 4 potions of magic
 21040 | D:12     | Identified a +0 chain mail
 21233 | D:12     | Identified the +9 broad axe of Duji {distort, rF+ Stlth+}
 21233 | D:12     | Identified a +1 chain mail
 21233 | D:12     | Noticed an orc knight
 21234 | D:12     | Noticed an azure jelly
 21624 | D:13     | Identified a +0 shortbow
 21624 | D:13     | Noticed a centaur warrior
 21705 | D:13     | Identified a scroll of torment
 21852 | D:13     | Found Nem Doda's Distillery.
 21856 | D:13     | Found a gate leading to a gauntlet.
 21870 | Gauntlet | Entered a Gauntlet
 21870 | Gauntlet | Found a transporter.
 21870 | Gauntlet | Found a transporter.
 21870 | Gauntlet | Found a transporter.
 21871 | Gauntlet | Found a transporter.
 21884 | Gauntlet | Found a transporter.
 21887 | Gauntlet | Found a transporter.
 21926 | Gauntlet | Identified a +0 trident
 21942 | Gauntlet | Found a transporter.
 21966 | Gauntlet | Found a transporter.
 21975 | Gauntlet | Found a transporter.
 21995 | Gauntlet | Found a transporter.
 21998 | Gauntlet | Noticed a death drake
 22000 | Gauntlet | Found a transporter.
 22003 | Gauntlet | Found a transporter.
 22005 | Gauntlet | Identified a +0 dire flail
 22008 | Gauntlet | Noticed a catoblepas
 22009 | Gauntlet | Identified a +0 morningstar
 22324 | Gauntlet | Reached skill level 4 in Shields
 22407 | Gauntlet | HP: 3/54 [smoke demon/ball of steam (24)]
 22412 | Gauntlet | HP: 13/54 [smoke demon/divine providence (10)]
 22423 | Gauntlet | HP: 10/54 [red devil/+0 trident (5)]
 22425 | Gauntlet | Reached **** piety under Vehumet
 22683 | Gauntlet | Learned a level 4 spell: Airstrike
 22952 | Gauntlet | HP: 5/54 [swamp worm/harpoon shot (16)]
 23236 | Gauntlet | Identified a +0 bardiche
 23236 | Gauntlet | Identified a cursed +0 chain mail
 23236 | Gauntlet | Identified an uncursed ring of resist corrosion
 23236 | Gauntlet | Noticed a minotaur
 23241 | Gauntlet | HP: 12/54 [minotaur/silver javelin (6)]
 23246 | Gauntlet | Hit by a silver javelin thrown by a minotaur

Table legend:
 A = Turns spent in this place as a percentage of turns spent in the entire game.
 B = Non-inter-level travel turns spent in this place as a percentage of non-inter-level travel turns spent in the entire game.
 C = Inter-level travel turns spent in this place as a percentage of turns spent in this place.
 D = Turns resting spent in this place as a percentage of non-inter-level travel turns spent in this place.
 E = Turns spent auto-exploring this place as a percentage of non-inter-level travel turns spent in this place.
 F = Non-inter-level travel turns spent in this place divided by the number of levels of this place that you've seen.
                   A       B       C       D       E      F
               +-------+-------+-------+-------+-------+----------------------
         Total | 100.0 | 100.0 |   4.3 |  40.6 |  30.3 | 1482.9
       Dungeon |  92.2 |  92.2 |   4.3 |  40.8 |  31.3 | 1578.3
        Temple |   1.9 |   1.6 |  20.9 |   0.0 |  92.8 | 349.0
      Gauntlet |   5.9 |   6.2 |   0.0 |  48.0 |   0.9 | 1376.0
               +-------+-------+-------+-------+-------+----------------------

Table legend:
 A = Kills in this place as a percentage of kills in entire the game.
 B = Kills by you in this place as a percentage of kills by you in the entire game.
 C = Kills by friends in this place as a percentage of kills by friends in the entire game.
 D = Other kills in this place as a percentage of other kills in the entire game.
 E = Experience gained in this place as a percentage of experience gained in the entire game.
 F = Experience gained in this place divided by the number of levels of this place that you have seen.
                   A       B       C       D       E      F
               +-------+-------+-------+-------+-------+----------------------
         Total | 100.0 | 100.0 | 100.0 | 100.0 | 100.0 | 1221.9
       Dungeon |  97.0 |  96.9 | 100.0 | 100.0 |  89.7 | 1264.1
      Gauntlet |   3.0 |   3.1 |   0.0 |   0.0 |  10.3 | 1895.0
               +-------+-------+-------+-------+-------+----------------------

Skill      XL: |  1  2  3  4  5  6  7  8  9 10 11 |
---------------+----------------------------------+-----
Conjurations   | 1 2 3 4 5 6 |  6.6
Short Blades   | 1 2 3 4 5 6 8 9 10 | 10.0
Stealth        | 4 5 6 7 8 11 12 | 12.0
Poison Magic   | 2 |  2.0
Air Magic      | 1 3 4 5 |  5.5
Spellcasting   | 5 7 |  7.1
Fighting       | 3 4 |  4.8
Shields        | 2 4 |  4.4
Dodging        | |  3.3
Summonings     | |  0.7
Translocations | |  1.5

Action                   |  1- 3 |  4- 6 |  7- 9 | 10-12 || total
-------------------------+-------+-------+-------+-------++-------
Melee: Dagger            |     2 |    63 |   166 |   302 ||   533
Throw: Stone             |     1 |     2 |       |       ||     3
       Dart              |       |       |    28 |    51 ||    79
 Cast: Magic Dart        |    91 |   153 |   292 |   308 ||   844
       Mephitic Cloud    |       |    14 |    38 |    93 ||   145
       Blink             |       |     1 |       |       ||     1
       Lightning Bolt    |       |       |       |    21 ||    21
       Airstrike         |       |       |       |     9 ||     9
Evoke: Wand              |       |       |    11 |       ||    11
  Use: Scroll            |       |       |    14 |     8 ||    22
       Potion            |       |       |     1 |     6 ||     7
 Stab: Sleeping          |       |     3 |    10 |     6 ||    19
       Confused          |       |     3 |    16 |    44 ||    63
  Eat: Ration            |       |     2 |     4 |     8 ||    14
Armor: Robe              |     2 |     4 |     9 |    18 ||    33
Dodge: Dodged            |    20 |    48 |   132 |   145 ||   345
Block: Buckler           |       |       |       |    34 ||    34

Vanquished Creatures
  Erica (D:10)
  Sonja (D:10)
  An unseen horror (D:12)
  The ghost of EnegeticOcto the Chopper, a novice DDFi (D:6)
  An ugly thing (D:12)
  A smoke demon (Gauntlet)
  Maurice (D:9)
  A centaur zombie (D:12)
  A komodo dragon (D:8)
  A red devil (Gauntlet)
  A queen bee (D:9)
  A hippogriff (D:8)
  3 wyverns
  4 flying skulls (Gauntlet)
  A spriggan (D:8)
  3 yaks (D:12)
  2 steam dragons
  Menkaure (D:7)
  2 water moccasins
  Duvessa (D:7)
  6 orc warriors
  2 ice beasts (D:7)
  2 eyes of draining
  A swamp drake (D:12)
  A necrophage (D:11)
  4 ogres
  7 centaurs
  A big kobold (D:10)
  9 bullfrogs
  Dowan (D:7)
  2 scorpions
  25 killer bees
  3 wights (D:7)
  2 howler monkeys
  12 crimson imps
  A bullfrog zombie (D:10)
  A jelly (D:11)
  3 hounds
  13 orc wizards
  A centaur skeleton (D:10)
  7 orc priests
  6 bullfrog skeletons
  Terence (D:3)
  5 iguanas
  Ijyb (D:3)
  Natasha (D:2)
  5 worker ants
  2 hound zombies (D:5)
  2 hound skeletons
  A worker ant zombie (D:10)
  Robin (D:2)
  A howler monkey skeleton (D:10)
  10 adders
  8 gnolls (D:7)
  3 shadow imps
  An ooze (D:6)
  2 adder zombies
  An adder skeleton (D:5)
  2 worms
  2 dart slugs (D:1)
  10 leopard geckos
  51 orcs
  A ball python (D:3)
  6 giant cockroaches
  9 goblins
  13 hobgoblins
  17 jackals
  9 kobolds
  3 quokkas
  12 bats
  4 frilled lizards
  A leopard gecko skeleton (D:5)
  A leopard gecko zombie (D:6)
  8 rats
333 creatures vanquished.

Vanquished Creatures (collateral kills)
  2 killer bees (D:9)
2 creatures vanquished.

Vanquished Creatures (others)
  A human (D:6)
  3 killer bees (D:9)
  2 plants (D:8)
6 creatures vanquished.

Grand Total: 341 creatures vanquished
